 Dungeon Crawl Stone Soup version 0.30-a0-879-ga8ba668304 (webtiles) character file.

Game seed: 7763028218852986486

3628 Pimp the Conjurer (level 10, -1/50 HPs)
             Began as a Gargoyle Fire Elementalist on Mar 13, 2023.
             Was an Initiate of Vehumet.
             Killed by an exploding orc (32 damage)
             ... ignited by their inner flame
             ... on level 8 of the Dungeon.
             The game lasted 00:32:27 (9154 turns).

Pimp the Conjurer (Gargoyle Fire Elementalist)      Turns: 9154, Time: 00:32:27

Health: -1/50      AC: 15    Str: 11    XL:     10   Next: 11%
Magic:  20/20      EV: 19    Int: 21    God:    Vehumet [......]
Gold:   508        SH:  0    Dex: 16    Spells: 9/22 levels left

rFire   . . .      SeeInvis .    u - +4 flail (heavy)
rCold   . . .      Faith    .    (no shield)
rNeg    + . .      Spirit   .    v - +0 troll leather armour {Pargi}
rPois   ∞          Reflect  .    q - +0 helmet
rElec   +          Rampage  .    N - +1 cloak
rCorr   .                        t - +0 pair of gloves
Will    .....                    (no boots)
Stlth   ++                       i - amulet of magic regeneration
HPRegen 0.00/turn                m - +6 ring of dexterity
MPRegen 0.57/turn                p - +5 ring of evasion

@: inhibited regen
A: sickness immunity, AC +7, negative energy resistance 1, electricity
resistance, torment resistance 1, petrification resistance, inhibited
regeneration
a: Renounce Religion


You were on level 8 of the Dungeon.
You worshipped Vehumet.
Vehumet was noncommittal.
You visited 2 branches of the dungeon, and saw 9 of its levels.
You also visited: Sewer and Ossuary.

You collected 508 gold pieces.

Inventory:

Hand Weapons
 h - a +0 sling
 k - a +0 short sword
 l - a +2 flail of holy wrath
 u - a +4 heavy flail (weapon)
Missiles
 d - 15 poisoned darts
 e - 49 stones
 f - a throwing net
Armour
 a - a +0 robe
 b - a +2 robe of willpower
 q - a +0 helmet (worn)
 t - a +0 pair of gloves (worn)
 v - a +0 troll leather armour (worn) {Pargi}
 N - a +1 cloak (worn)
Jewellery
 i - an amulet of magic regeneration (around neck)
 m - a +6 ring of dexterity (left hand)
 p - a +5 ring of evasion (right hand)
 A - a ring of flight
 C - a ring of magical power
Wands
 g - a wand of flame (20)
 y - a wand of mindburst (19)
Scrolls
 c - 5 scrolls of identify
 j - 3 scrolls of fog
 o - 2 scrolls of silence
 r - 2 scrolls of teleportation
 B - 2 scrolls of poison
 J - 3 scrolls of immolation
Potions
 n - 2 potions of brilliance
 s - 2 potions of heal wounds
 w - 3 potions of curing
 x - 3 potions of haste
 z - 3 potions of invisibility
 D - a potion of resistance {unknown}
 G - 4 potions of might
 H - 2 potions of flight
 I - 2 potions of ambrosia
 L - a potion of degeneration {unknown}
 M - a potion of magic


   Skills:
 + Level 6.0 Dodging
 - Level 3.0 Stealth
 + Level 6.7 Spellcasting
 + Level 7.7 Conjurations
 + Level 7.7 Fire Magic


You had 9 spell levels left.
You knew the following spells:

 Your Spells              Type           Power      Damage    Failure   Level
a - Foxfire               Conj/Fire      100%       2x1d9     1%          1
b - Scorch                Fire           78%        2d9       1%          2
c - Kindle Blastsparks    Fire/Tloc/Air  34%        2d12      12%         3
d - Flame Wave            Conj/Fire      39%        2d11      4%          4
e - Inner Flame           Hex/Fire       23%        N/A       8%          3

Your spell library contained the following spells:

 Spells                   Type           Power      Damage    Failure   Level
 Ignite Poison            Fire/Tmut/Pois 17%        N/A       12%         3
 Tukima's Dance           Hex            7%         N/A       34%         3
 Passage of Golubria      Tloc           7%         N/A       75%         4
 Freezing Cloud           Conj/Ice/Air   8%         6-21      75%         5
 Yara's Violent Unravell  Hex/Tmut       3%         3d4       97%         5


Dungeon Overview and Level Annotations

Branches:
Dungeon (8/15)             Temple (1/1) D:5           Sewer (visited)
Ossuary (visited)
   Lair: D:8-11

Altars:
Cheibriados
Elyvilon
Fedhas
Gozag
Hepliaklqana
Kikubaaqudgha
Makhleb
Nemelex Xobeh
Okawaru
Qazlal
Ru
Sif Muna
Trog
Uskayaw
Vehumet
Wu Jian
Xom
Yredelemnul
Zin
The Shining One

Shops:
D:1 ?   D:3 (   D:8 (

Annotations:
D:3 Eustachio


Innate Abilities, Weirdness & Mutations

You are immune to sickness and miasma.
Your stone body is resilient. (AC +7)
You are immune to poison.
You resist negative energy. (rN+)
You are resistant to electric shocks. (rElec)
You are resistant to unholy torment.
You are immune to petrification.
You do not regenerate when monsters are visible.


Message History

Fire: h) +0 sling
Press: ? - help, Q - select action, (/) - cycle Shift-Dir - straight line, f/p - orc
Aim: an orc, wielding a +0 short sword (inner flame, 56% to hit)
You shoot a sling bullet.
The sling bullet closely misses the orc.
The centaur shouts!
The sling bullet hits the orc!
You kill the orc!
Vehumet accepts your kill.
The centaur wields a +0 shortbow.
The centaur shoots an arrow.
The arrow hits you!
The centaur shoots an arrow.
The arrow barely misses you.
Fire: h) +0 sling
Press: ? - help, Q - select action, (/) - cycle Shift-Dir - straight line, f/p - orc
Aim: an orc, wielding a +0 short sword (inner flame, 56% to hit)
You shoot a sling bullet. The sling bullet barely misses the orc.
Okay, then.
u - a +4 heavy flail (weapon)
The centaur shoots an arrow.
The arrow hits you but does no damage.
The centaur shoots an arrow.
The arrow hits you!
You hear an angry hiss.
The orc attacks as you move away! The orc barely misses you.
The centaur shoots an arrow.
The arrow hits you but does no damage.
You closely miss the orc.
A centaur comes into view.
The orc misses you.
A steam dragon comes into view.
The orc hits you but does no damage. The orc hits you with a +0 short sword.
The centaur moves out of view.
The steam dragon moves out of view.
You sock the orc! Vehumet accepts your kill.
The orc explodes!
The fiery explosion engulfs the orc!
You kill the orc!
Vehumet accepts your kill.
The fiery explosion engulfs the orc!!
You kill the orc!
Vehumet accepts your kill. The fiery explosion engulfs you!!
Ouch! That really hurt!
You die...

.#... ..# ..#. ).#
#... ... .. #..... #
..#.# #...... ... #..(
##.........
....##..###...........
#..c§##..........).
....##.§§#............
. ####@............
##.....<.....#
##..........#
#.........#
##.......## #......##
## ##...### #.# #..##
#... ##.## #....


You could see a centaur.

Vanquished Creatures
  Pikel (D:4)
  A manticore (D:7)
  A shadow (D:7)
  Sigmund (D:2)
  3 wraiths
  A steam dragon (D:6)
  Edmund (D:4)
  A water moccasin (D:8)
  Pargi (Sewer)
  3 sky beasts
  2 ogres
  An elf zombie (Ossuary)
  Blork the orc (D:6)
  2 bullfrogs (D:7)
  2 scorpions (D:5)
  A howler monkey (D:5)
  8 hounds
  2 jellies
  2 sleepcaps
  Crazy Yiuf (D:5)
  2 iguanas
  2 orc wizards
  3 mummies (Ossuary)
  9 gnolls
  5 adders
  2 dart slugs
  26 orcs
  9 ball pythons
  10 endoplasms
  3 giant cockroaches
  5 goblins
  5 hobgoblins
  3 jackals (D:2)
  4 kobolds
  4 quokkas
  4 bats
  6 frilled lizards
  4 goblin zombies (Ossuary)
  A hobgoblin zombie (Ossuary)
  3 kobold zombies (Ossuary)
  6 rats
152 creatures vanquished.

Vanquished Creatures (others)
  77 foxfires
  19 plants (D:2)
96 creatures vanquished.

Grand Total: 248 creatures vanquished

Notes
Turn   | Place    | Note
-------+----------+-------------------------------------------
     0 | D:1      | Pimp the Gargoyle Fire Elementalist began the quest for the
                  | Orb.
     0 | D:1      | Reached XP level 1. HP: 10/10 MP: 3/3
   268 | D:1      | Reached XP level 2. HP: 15/15 MP: 0/5
   400 | D:1      | Found Suopt's Magic Scroll Emporium.
   527 | D:1      | Learned a level 2 spell: Scorch
  1520 | D:2      | Reached XP level 3. HP: 14/19 MP: 3/6
  2360 | D:2      | Noticed Sigmund
  2597 | D:2      | Killed Sigmund
  2598 | D:2      | Reached XP level 4. HP: 15/24 MP: 3/8
  2598 | D:2      | Reached XP level 5. HP: 18/28 MP: 3/9
  2887 | D:2      | Reached XP level 6. HP: 22/32 MP: 5/10
  3014 | D:2      | Learned a level 3 spell: Kindle Blastsparks
  3617 | D:3      | Found a faded altar of an unknown god.
  3660 | D:3      | Found Suecoqorr's Weapon Shop.
  3951 | D:3      | Found a white marble altar of Elyvilon.
  3953 | D:3      | Found a hazy altar of Hepliaklqana.
  3957 | D:3      | Found an opulent altar of Gozag.
  4476 | D:4      | Noticed Edmund
  4476 | D:4      | Noticed Eustachio
  5086 | D:4      | Killed Edmund
  5087 | D:4      | Reached XP level 7. HP: 22/36 MP: 5/12
  5090 | D:4      | Found a glowing drain.
  5099 | Sewer    | Entered a sewer
  5167 | Sewer    | Noticed Pargi
  5173 | Sewer    | Killed Pargi
  5193 | Sewer    | Identified the +0 helmet of Refaixo {rElec Str-3 Dex+2}
  5459 | D:4      | Noticed Pikel
  5475 | D:4      | Killed Pikel
  5476 | D:4      | Reached skill level 5 in Conjurations
  5476 | D:4      | Reached skill level 5 in Fire Magic
  5476 | D:4      | Reached XP level 8. HP: 29/41 MP: 10/14
  5894 | D:5      | Entered Level 5 of the Dungeon
  6101 | D:5      | Found a sand-covered staircase.
  6109 | Ossuary  | Entered an ossuary
  6109 | Ossuary  | Noticed a wraith
  6109 | Ossuary  | Noticed a wraith
  6109 | Ossuary  | Noticed a wraith
  6138 | Ossuary  | Reached skill level 5 in Spellcasting
  6148 | Ossuary  | Noticed a wraith
  6158 | Ossuary  | Killed a wraith
  6615 | D:5      | Found a staircase to the Ecumenical Temple.
  6632 | D:5      | Reached XP level 9. HP: 42/45 MP: 15/17
  6643 | Temple   | Entered the Ecumenical Temple
  6799 | Temple   | Became a worshipper of Vehumet
  7019 | D:5      | Found a runed translucent door.
  7020 | D:5      | Noticed Crazy Yiuf
  7191 | D:5      | Killed Crazy Yiuf
  7202 | D:5      | Gained mutation: You have a beak for a mouth. [potion of
                  | mutation]
  7202 | D:5      | Gained mutation: Your spells are a little easier to cast,
                  | but a little less powerful. [potion of mutation]
  7202 | D:5      | Gained mutation: You expend magic power (3 MP) to
                  | strengthen your wands. [potion of mutation]
  7203 | D:5      | Lost mutation: Your spells are a little easier to cast, but
                  | a little less powerful. [potion of mutation]
  7203 | D:5      | Lost mutation: You have a beak for a mouth. [potion of
                  | mutation]
  7203 | D:5      | Lost mutation: You expend magic power (3 MP) to strengthen
                  | your wands. [potion of mutation]
  7203 | D:5      | Gained mutation: You do not regenerate when monsters are
                  | visible. [potion of mutation]
  7294 | D:6      | Noticed Blork the orc
  7301 | D:6      | Killed Blork the orc
  7330 | D:6      | Reached skill level 5 in Dodging
  7349 | D:6      | Found a stormy altar of Qazlal.
  7932 | D:6      | Learned a level 4 spell: Flame Wave
  7936 | D:6      | Learned a level 3 spell: Inner Flame
  8411 | D:7      | Noticed a manticore
  8419 | D:7      | Killed a manticore
  8884 | D:7      | Reached XP level 10. HP: 46/50 MP: 12/19
  9092 | D:8      | Found Yfoudelo's Weapon Emporium.
  9154 | D:8      | Killed by an exploding orc... ignited by their inner flame

Illustrated notes

Levels and vault maps discovered:
D:1:      dpeg_arrival_lava_temple_mockup, layout_basic, serial_shops, shop
D:2:      layout_loops_ring, hangedman_decor_push, nicolae_grassy_gnolls,
          uniq_sigmund
D:3:      layout_loops_corners, minmay_overflow_temple_star_quad,
          nicolae_ecumenical_oubliette, serial_shops,
          nicolae_shop_bloodbath_and_beyond
D:4:      layout_gridville, portal_sewer_entry_d, uniq_edmund, uniq_eustachio,
          uniq_pikel
D:5:      layout_cave_pools, minmay_temple_entry_hall,
          nicolae_ossuary_entry_ruins, uniq_crazy_yiuf_cottage
D:6:      layout_loops_cross, mainiacjoe_overflow_concentric_impassable,
          uniq_blork_the_orc
D:7:      layout_loops_ring, kb_rosetta
D:8:      layout_cave_pods, serial_shops, shop_statue, hangedman_decor_points
Temple:   regret_index_temple_mists

Skill      XL: |  1  2  3  4  5  6  7  8  9 10 |
---------------+-------------------------------+-----
Dodging        | 2 3 4 5 6 |  6.0
Conjurations   | 2 3 5 6 7 |  7.7
Stealth        | 3 |  3.0
Spellcasting   | 3 4 5 6 |  6.7
Fire Magic     | 4 5 6 7 |  7.7

Action                     |  1- 3 |  4- 6 |  7- 9 | 10-12 || total
---------------------------+-------+-------+-------+-------++-------
  Melee: Unarmed           |    44 |       |       |       ||    44
         Short sword       |     3 |     4 |       |       ||     7
         Punch             |     1 |     1 |     2 |       ||     4
         Flail             |       |    37 |    87 |     3 ||   127
   Fire: Sling             |       |       |       |     2 ||     2
   Cast: Foxfire           |    24 |    22 |    13 |       ||    59
         Scorch            |    30 |    46 |   100 |     4 ||   180
         Kindle Blastspark |       |     2 |     4 |       ||     6
         Flame Wave        |       |       |     1 |       ||     1
         Inner Flame       |       |       |       |     1 ||     1
    Use: Potion            |     5 |     1 |     4 |       ||    10
         Scroll            |     1 |     4 |    14 |       ||    19
   Stab: Sleeping          |     4 |     7 |     4 |       ||    15
 Armour: Robe              |    32 |    26 |     5 |       ||    63
         Troll leather arm |       |       |    60 |     3 ||    63
  Dodge: Dodged            |    93 |   110 |   200 |     5 ||   408

Table legend: (Time is in decaauts)
 A = Elapsed time spent in this place.
 B = Non-inter-level travel time spent in this place.
 C = Inter-level travel time spent in this place.
 D = Time resting spent in this place.
 E = Time spent auto-exploring this place.
 F = Levels seen in this place.
 G = Mean time per level.
                   A        B        C        D        E       F      G
               +--------+--------+--------+--------+--------+-----+--------+
         Total |   9334 |   8745 |    589 |   2246 |   4393 |  11 |  848.5 |
       Dungeon |   8479 |   7908 |    571 |   2046 |   4093 |   8 | 1059.9 |
        Temple |    196 |    178 |     18 |    100 |     21 |   1 |  196.0 |
         Sewer |    128 |    128 |      0 |      0 |     37 |   1 |  128.0 |
       Ossuary |    530 |    530 |      0 |    100 |    241 |   1 |  530.0 |
               +--------+--------+--------+--------+--------+-----+--------+

Top non-repeatable levels by time:
     D:1: 1900 daAuts
     D:2: 1507 daAuts
     D:3: 1301 daAuts
     D:4: 1118 daAuts
     D:7: 1078 daAuts
     D:6: 768 daAuts
     D:5: 741 daAuts
 Ossuary: 530 daAuts
  Temple: 196 daAuts
   Sewer: 128 daAuts
     D:8: 63 daAuts
